 Dungeon Crawl Stone Soup version 0.31-a0-1612-g4aaf141004 (webtiles) character file.

Game seed: 18431734856196722057

1041 Inarius the Chopper (level 8, -3/54 HPs)
             Began as an Octopode Fighter on Jan 9, 2024.
             Was a Follower of Nemelex Xobeh.
             Slain by a sky beast (5 damage)
             ... on level 6 of the Dungeon.
             The game lasted 00:05:46 (4460 turns).

Inarius the Chopper (Octopode Fighter)              Turns: 4460, Time: 00:05:47

Health: -3/54      AC:  1    Str: 18    XL:     8   Next: 25%
Magic:  0/10       EV: 12    Int: 13    God:    Nemelex Xobeh [*.....]
Gold:   226        SH: 12    Dex:  6    Spells: 7/7 levels left

rFire   . . .        a - +0 war axe
rCold   . . .        j - +5 kite shield of the Evening {rN+++ rCorr Int+3 Dex-5}
rNeg    + + +        (helmet restricted)
rPois   .            s - amulet of guardian spirit
rElec   .            g - ring of wizardry
rCorr   +            i - ring of willpower
SInv    .            (no ring)
Will    +....        (no ring)
Stlth   +++          (no ring)
HPRegen 0.29/turn    (no ring)
MPRegen 0.12/turn    (no ring)
                     (no ring)

%: guardian spirit, wizardry (x1)
@: no status effects
A: almost no armour, amphibious, 8 rings, camouflage 1, gelatinous body 1,
(nimble swimmer 1), tentacles
a: Renounce Religion, Draw Escape, Draw Destruction, Draw Summoning


You were on level 6 of the Dungeon.
You worshipped Nemelex Xobeh.
Nemelex Xobeh was aware of your devotion.
You visited 2 branches of the dungeon, and saw 7 of its levels.

You collected 226 gold pieces.

Inventory:

Hand Weapons
 a - a +0 war axe (weapon)
Missiles
 t - a throwing net (quivered)
Armour
 b - a +0 buckler
 j - the +5 kite shield of the Evening (worn) {rN+++ rCorr Int+3 Dex-5}
   (You found it on level 2 of the Dungeon)

   Int+3:     It affects your intelligence (+3).
   Dex-5:     It affects your dexterity (-5).
   rN+++:     It renders you almost immune to negative energy.
   rCorr:     It protects you from acid and corrosion.
Jewellery
 g - a ring of wizardry (left tentacle)
 i - a ring of willpower (right tentacle)
 s - an amulet of guardian spirit (around mantle)
Wands
 v - a wand of roots (2)
Scrolls
 d - 3 scrolls of identify {unknown}
 h - a scroll of fear {unknown}
 k - a scroll of blinking {unknown}
 o - 2 scrolls of teleportation {unknown}
 q - 4 scrolls of amnesia {unknown}
 r - a scroll of noise {unknown}
 u - a scroll of enchant armour {unknown}
Potions
 c - 2 potions of might
 e - 2 potions of haste {unknown}
 f - a potion of magic {unknown}
 l - a potion of heal wounds
 m - a potion of degeneration {unknown}
 n - 2 potions of brilliance {unknown}
 p - a potion of attraction {unknown}


   Skills:
 + Level 4.4 Fighting
 + Level 5.3 Axes
 + Level 4.6 Dodging
 + Level 4.2 Stealth
 + Level 4.8 Shields
 * Level 3.8 Invocations


You had 7 spell levels left.
You didn't know any spells.
Your spell library contained the following spells:

 Spells                   Type           Power      Damage    Failure   Level
 Freeze                   Ice            0%         1d3       28%         1
 Mercury Vapours          Alch/Air       0%         N/A       41%         2
 Frozen Ramparts          Ice            0%         1d1       63%         3
 Hailstorm                Conj/Ice       0%         3d5       63%         3
 Mephitic Cloud           Conj/Alch/Air  0%         N/A       63%         3
 Freezing Cloud           Conj/Ice/Air   0%         6-21      100%        5


Dungeon Overview and Level Annotations

Branches:
Dungeon (6/15)             Temple (1/1) D:4

Altars:
Ashenzari
Cheibriados
Dithmenos
Elyvilon
Fedhas
Kikubaaqudgha
Makhleb
Nemelex Xobeh
Okawaru
Trog
Vehumet
Wu Jian
Yredelemnul
Zin
The Shining One

Shops:
D:4 (


Innate Abilities, Weirdness & Mutations

You cannot wear most types of armour.
You are amphibious.
You can wear up to eight rings at the same time.
Your skin changes colour to match your surroundings (Stealth+).
Your rubbery body absorbs attacks. (AC +1, EV +1)
((You are camouflaged when in or above water. (Stealth+)))
You have tentacles for arms and can constrict up to eight enemies at once.


Message History

There is a stone staircase leading up here.
Aiming: Fastroot
Press: ? - help, Shift-Dir - straight line, f - sky beast
Aim: a sky beast (wandering, hasn't noticed you)
The roots erupt in riotous growth!
Roots grab the sky beast.
The grasping roots constrict the sky beast.
The sky beast struggles to escape constriction.
The grasping roots constrict the sky beast.
The sky beast escapes!
The sky beast hits you. The sky beast shocks you.
You barely miss the sky beast.
The sky beast is moderately wounded.
You block the sky beast's attack. The sky beast hits you.
The sky beast shocks you.
You hit the sky beast.
The sky beast is moderately wounded.
The sky beast hits you. The sky beast shocks you.
You miss the sky beast. Your squeeze misses the sky beast.
The sky beast is moderately wounded.
The sky beast flickers out of sight!
Deactivating autopickup; reactivate with Ctrl-A.
Something hits you. Something shocks you. You block something's attack.
You completely miss something. Your squeeze misses something.
Something hits you. Something shocks you.
You miss something. Something hits you.
* * * LOW HITPOINT WARNING * * *
Something shocks you.
* * * LOW HITPOINT WARNING * * *
You closely miss something. Your squeeze misses something. Something hits you.
* * * LOW HITPOINT WARNING * * *
Something shocks you.
* * * LOW HITPOINT WARNING * * *
A sky beast appears from thin air!
Reactivating autopickup.
The sky beast hits you.
* * * LOW HITPOINT WARNING * * *
The sky beast shocks you.
You die...
Your body glows slightly and disappears.

#...#####.#.#...
..#####.#######.#.#.#
#............##.#...#
###.###.####.##...#
#.###.####....#.#
#...#.....##..#.#
#.#..#.##.....#.###
#......##..####†..#
######Y@#..####.###
#...<>.....#
#.########## #.# #.#
..# ###


You could see a sky beast.

Vanquished Creatures
  Eustachio (D:5)
  Edmund (D:5)
  A black bear (D:5)
  2 sky beasts (D:6)
  A centaur (D:4)
  A bombardier beetle (D:4)
  A hound (D:5)
  A sleepcap (D:5)
  2 orc wizards
  5 iguanas
  4 gnolls (D:5)
  3 adders
  2 ribbon worms
  2 dart slugs
  6 orcs
  4 endoplasms
  5 giant cockroaches
  7 goblins
  7 hobgoblins
  10 jackals
  3 quokkas
  7 ball pythons
  4 bats
  12 frilled lizards
  6 kobolds
  2 rats (D:2)
100 creatures vanquished.

Notes
Turn   | Place    | Note
-------+----------+-------------------------------------------
     0 | D:1      | Inarius the Octopode Fighter began the quest for the Orb.
     0 | D:1      | Reached XP level 1. HP: 16/16 MP: 1/1
   150 | D:1      | Reached XP level 2. HP: 3/21 MP: 2/2
   730 | D:2      | Identified the +5 kite shield of the Evening {rN+++ rCorr
                  | Int+3 Dex-5}
   851 | D:2      | Reached XP level 3. HP: 26/26 MP: 3/3
   906 | D:2      | Reached skill level 1 in Stealth
   946 | D:2      | Found a faded altar of an unknown god.
  1317 | D:2      | Reached XP level 4. HP: 29/31 MP: 4/4
  1602 | D:3      | Found a white marble altar of Elyvilon.
  1932 | D:4      | Found a staircase to the Ecumenical Temple.
  1944 | Temple   | Entered the Ecumenical Temple
  1951 | Temple   | Became a worshipper of Nemelex Xobeh the Trickster
  1972 | D:4      | Reached skill level 3 in Axes
  1972 | D:4      | Reached XP level 5. HP: 29/36 MP: 5/5
  2064 | D:4      | Reached skill level 1 in Invocations
  2065 | D:4      | Found Zoacarche's Weapon Emporium.
  2066 | D:4      | Noticed a +0 demon trident
  2066 | D:4      | Noticed a +0 great mace
  2245 | D:4      | Identified the +10 dagger "Leneost" {freeze, *Corrode Fly
                  | rElec Str+8}
  2488 | D:4      | Noticed a centaur
  2496 | D:4      | Killed a centaur
  2497 | D:4      | Reached XP level 6. HP: 10/43 MP: 7/7
  2663 | D:4      | Found an ancient bone altar of Kikubaaqudgha.
  2664 | D:4      | Found a snail-covered altar of Cheibriados.
  2666 | D:4      | Found a glowing silver altar of Zin.
  2666 | D:4      | Found a bloodstained altar of Trog.
  2764 | D:5      | Entered Level 5 of the Dungeon
  2829 | D:5      | Noticed Edmund
  2963 | D:5      | Noticed Eustachio
  2986 | D:5      | HP: 1/43 [iron imp[Eustachio] (5)]
  2989 | D:5      | Killed Eustachio
  2990 | D:5      | Reached skill level 4 in Axes
  2990 | D:5      | Reached XP level 7. HP: 18/47 MP: 8/8
  3187 | D:5      | Reached * piety under Nemelex Xobeh
  3631 | D:5      | Killed Edmund
  3680 | D:5      | Received a gift from Nemelex Xobeh
  4022 | D:5      | Reached skill level 5 in Axes
  4022 | D:5      | Reached XP level 8. HP: 33/54 MP: 6/10
  4460 | D:6      | HP: 2/54 [sky beast (3)]
  4460 | D:6      | Slain by a sky beast

Illustrated notes

Levels and vault maps discovered:
D:1:      lightli_molten_gateway, layout_basic
D:2:      layout_loops_cross, dreamdust_ecumenical_altar_angels_and_demons,
          kennysheep_generic_room_9
D:3:      layout_rooms, elyvilon_altar_5, minmay_lizard_king
D:4:      layout_loops_cross, mainiacjoe_overflow_alcove_3,
          minmay_temple_entry_arrows, serial_shops, nicolae_shop_mannequins
D:5:      layout_basic, nicolae_tricolors, uniq_eustachio, uniq_edmund
D:6:      layout_basic
Temple:   nicolae_temple_bog_church

Skill      XL: |  1  2  3  4  5  6  7  8 |
---------------+-------------------------+-----
Stealth        | 1 2 3 4 |  4.2
Axes           | 3 4 5 |  5.3
Invocations    | 1 2 3 |  3.8
Shields        | 4 |  4.8
Fighting       | 4 |  4.4
Dodging        | 4 |  4.6

Action                     |  1- 3 |  4- 6 |  7- 9 || total
---------------------------+-------+-------+-------++-------
  Melee: War axe           |    70 |    98 |    72 ||   240
         Constrict         |    17 |    15 |    14 ||    46
         Tentacles         |    10 |    19 |    16 ||    45
         Punch             |       |     1 |       ||     1
 Invoke: Draw Destruction  |       |       |     4 ||     4
  Evoke: Wand              |       |       |     2 ||     2
    Use: Potion            |       |     3 |     1 ||     4
   Stab: Sleeping          |     4 |     8 |     3 ||    15
 Armour: Skin              |    18 |    61 |    50 ||   129
  Dodge: Dodged            |    38 |    54 |    14 ||   106
  Block: Buckler           |     5 |       |       ||     5
         Kite shield       |    23 |    83 |    42 ||   148

Table legend: (Time is in decaauts)
 A = Elapsed time spent in this place.
 B = Non-inter-level travel time spent in this place.
 C = Inter-level travel time spent in this place.
 D = Time resting spent in this place.
 E = Time spent auto-exploring this place.
 F = Levels seen in this place.
 G = Mean time per level.
                   A        B        C        D        E       F      G
               +--------+--------+--------+--------+--------+-----+--------+
         Total |   4573 |   4450 |    123 |    733 |   2771 |   7 |  653.3 |
       Dungeon |   4559 |   4442 |    117 |    733 |   2771 |   6 |  759.8 |
        Temple |     14 |      8 |      6 |      0 |      0 |   1 |   14.0 |
               +--------+--------+--------+--------+--------+-----+--------+

Top non-repeatable levels by time:
     D:5: 1561 daAuts
     D:4: 878 daAuts
     D:2: 811 daAuts
     D:1: 724 daAuts
     D:3: 410 daAuts
     D:6: 172 daAuts
  Temple: 14 daAuts
